AoeStats
← Steffels

Arabia

508065292Analyzed
1v1 RM · 12d ago on Sep 20, 2026· 36m 24s· 2 players
Game mode
Random Map
Map size
Tiny (2 player)
Population
200
Speed
Normal
Resources
Standard
Victory
Conquest
Starting age
Dark Age
Ending age
Imperial Age
RankedLock teamsTeams togetherTeam positionsShared explorationLock speedFull tech treeHidden civsTurbo modeCheats
Victory
Defeat
🇺🇸 Italians · United States
1070
+17
🇧🇪 Turks · Belgium
1084
-24
The_Salamander
5:11 Loom
10:20 Feudal Age
14:59 Castle Age
12:56 Double-Bit Axe
18:38 Horse Collar
19:56 Scale Barding Armor
20:17 Husbandry
21:36 Bloodlines
24:04 Chain Barding Armor
25:19 Forging
27:35 Bow Saw
27:52 Gold Mining
29:48 Stone Mining
33:07 Iron Casting
34:29 Wheelbarrow
35:47 Stone Shaft Mining
Steffels
6:25 Loom
10:19 Feudal Age
10:49 Horse Collar
11:10 Double-Bit Axe
22:33 Castle Age
20:26 Gold Mining
23:22 Scale Mail Armor
23:33 Forging
27:53 Fletching
28:58 Bodkin Arrow
28:27 Crossbowman
30:42 Padded Archer Armor
31:33 Wheelbarrow
Connection lost

Rejoining the realm…

Still unreachable

The connection could not be restored.

Session expired

The server has moved on; the page needs a fresh start.